General information
- name: BNet
- type: Ladder 1vs1/FFA
- host: Battle.net
- saver: victimoffate
map: GoldRush
- players: 4
- length: 76:04
- speed: Fast
- version: 1.23 W3XP
- replay type: Public
» download(330 KB)
Players
team 1 (winner)

»
victimoffate (
green | 110 APM | 8368 actions | 76:04)
10 Death Knight
3 Death Coil
3 Unholy Aura
1 Animate Dead
3 Death Pact
10 Lich
3 Frost Nova
3 Dark Ritual
1 Death and Decay
3 Frost Armor
10 Pandaren Brewmaster
3 Breath of Fire
3 Drunken Haze
1 Storm Earth and Fire
3 Drunken Brawler
» actions
| Assign group hotkey | 91 | |
| Basic commands | 919 | |
| Build / train | 197 | |
| ESC pressed | 8 | |
| Enter build submenu | 86 | |
| Enter hero's abilities submenu | 30 | |
| Give item / drop item | 14 | |
| Right click | 2583 | |
| Select / deselect | 1633 | |
| Select group hotkey | 2426 | |
| Use ability | 381 | |
8368 total
» units
| Acolyte | 48 | |
| Ghoul | 12 | |
| Crypt Fiend | 14 | |
| Obsidian Statue | 7 | |
| Frost Wyrm | 7 | |
| Meatwagon | 2 | |
| Gargoyle | 6 | |
96 total
» upgrades
| Creature Attack | 4 | |
| Web | 1 | |
| Destroyer Form | 1 | |
| Freezing Breath | 1 | |
| Creature Carapace | 3 | |
| Burrow | 1 | |
11 total
» buildings
| Crypt | 2 | |
| Graveyard | 5 | |
| Altar of Darkness | 2 | |
| Ziggurat | 31 | |
| Tomb of Relics | 1 | |
| Halls of the Dead | 5 | |
| Necropolis | 7 | |
| Black Citadel | 4 | |
| Slaughterhouse | 4 | |
| Sacrificial Pit | 2 | |
| Boneyard | 2 | |
| Spirit Tower | 9 | |
| Nerubian Tower | 9 | |
83 total
» build order
00:06 Crypt
00:13 Graveyard
00:43 Altar of Darkness
00:58 Ziggurat
01:47 Tomb of Relics
02:17 Ziggurat
05:09 Halls of the Dead
05:09 Halls of the Dead
05:15 Necropolis
06:06 Ziggurat
06:19 Ziggurat
06:22 Ziggurat
07:16 Crypt
07:52 Black Citadel
08:39 Slaughterhouse
08:40 Graveyard
11:56 Sacrificial Pit
13:56 Ziggurat
14:21 Boneyard
16:54 Ziggurat
17:28 Ziggurat
18:01 Boneyard
18:11 Graveyard
39:30 Ziggurat
39:30 Ziggurat
39:31 Ziggurat
39:31 Ziggurat
39:56 Ziggurat
39:57 Ziggurat
43:38 Necropolis
43:39 Ziggurat
43:39 Ziggurat
43:40 Ziggurat
43:42 Ziggurat
44:29 Necropolis
44:31 Ziggurat
44:31 Ziggurat
44:32 Ziggurat
44:44 Spirit Tower
44:45 Spirit Tower
44:45 Spirit Tower
45:01 Nerubian Tower
45:01 Spirit Tower
45:01 Spirit Tower
45:31 Halls of the Dead
48:50 Necropolis
48:52 Necropolis
49:20 Necropolis
49:58 Ziggurat
49:59 Ziggurat
50:04 Graveyard
51:05 Nerubian Tower
52:35 Ziggurat
52:36 Ziggurat
52:59 Halls of the Dead
55:52 Sacrificial Pit
55:56 Graveyard
59:32 Ziggurat
59:33 Ziggurat
59:36 Ziggurat
59:38 Ziggurat
59:39 Ziggurat
60:41 Nerubian Tower
60:41 Spirit Tower
60:43 Necropolis
62:16 Slaughterhouse
63:01 Halls of the Dead
63:02 Spirit Tower
63:02 Spirit Tower
63:06 Spirit Tower
64:28 Nerubian Tower
64:30 Nerubian Tower
64:31 Nerubian Tower
65:29 Altar of Darkness
66:09 Nerubian Tower
66:10 Nerubian Tower
66:51 Black Citadel
66:52 Black Citadel
67:02 Slaughterhouse
67:23 Slaughterhouse
» items
| Rod of Necromancy | 2 | |
| Periapt of Vitality | 4 | |
| Circlet of Nobility | 1 | |
| Scroll of Protection | 2 | |
| Scroll of Healing | 4 | |
| Scroll of Town Portal | 7 | |
| Orb of Corruption | 1 | |
| Potion of Healing | 3 | |
| Potion of Lesser Invulnerability | 2 | |
26 total
team 2 (loser)

»
Player 2 (
teal | 56 APM | 3468 actions | 62:24)
6 Tauren Chieftain
2 Shockwave
3 Endurance Aura
1 Reincarnation
7 Blademaster
3 Wind Walk
3 Critical Strike
1 Bladestorm
6 Shadow Hunter
3 Hex
2 Healing Wave
1 Big Bad Voodoo
» actions
| Assign group hotkey | 138 | |
| Basic commands | 342 | |
| Build / train | 164 | |
| ESC pressed | 2 | |
| Enter build submenu | 53 | |
| Enter hero's abilities submenu | 21 | |
| Give item / drop item | 9 | |
| Right click | 633 | |
| Select / deselect | 754 | |
| Select group hotkey | 1084 | |
| Use ability | 268 | |
3468 total
» units
| Peon | 14 | |
| Grunt | 4 | |
| Forest Troll Shadow Priest | 1 | |
| Troll Headhunter/Berserker | 16 | |
| Shaman | 8 | |
| Wind Rider | 6 | |
| Kodo Beast | 1 | |
| Tauren | 4 | |
| Troll Witch Doctor | 2 | |
| Troll Batrider | 26 | |
| Spirit Walker | 1 | |
83 total
» upgrades
| Shaman Training | 2 | |
| Reinforced Defenses | 1 | |
| Berserker Upgrade | 1 | |
| Armor | 3 | |
| War Drums Damage Increase | 1 | |
| Witch Doctor Training | 2 | |
| Ranged Weapons | 3 | |
| Melee Weapons | 3 | |
| Envenomed Spears | 1 | |
| Spiked Barricades | 1 | |
| Troll Regeneration | 1 | |
| Liquid Fire | 1 | |
| Pulverize | 1 | |
| Spirit Walker Training | 2 | |
23 total
» buildings
| Altar of Storms | 2 | |
| Orc Burrow | 14 | |
| Barracks | 1 | |
| Voodoo Lounge | 1 | |
| Great Hall | 3 | |
| Stronghold | 2 | |
| War Mill | 3 | |
| Watch Tower | 25 | |
| Spirit Lodge | 4 | |
| Fortress | 2 | |
| Beastiary | 4 | |
| Tauren Totem | 1 | |
62 total
» build order
00:08 Altar of Storms
00:13 Orc Burrow
00:22 Barracks
01:53 Orc Burrow
02:15 Voodoo Lounge
04:08 Great Hall
04:34 Stronghold
04:55 War Mill
05:34 Orc Burrow
07:17 Watch Tower
07:25 Spirit Lodge
08:26 Watch Tower
09:06 Fortress
09:11 Beastiary
09:31 Watch Tower
09:46 Orc Burrow
09:52 Watch Tower
11:51 Watch Tower
13:00 Watch Tower
13:28 Orc Burrow
13:33 Tauren Totem
13:37 Watch Tower
13:41 Watch Tower
14:25 Watch Tower
14:52 Orc Burrow
14:58 War Mill
20:29 Watch Tower
20:30 Watch Tower
20:30 Watch Tower
20:32 Watch Tower
20:34 Watch Tower
26:06 Watch Tower
33:54 Beastiary
38:33 Watch Tower
38:34 Watch Tower
38:35 Watch Tower
38:36 Watch Tower
38:37 Watch Tower
38:39 Watch Tower
38:40 Watch Tower
38:41 Watch Tower
38:42 Watch Tower
38:43 Watch Tower
41:35 War Mill
44:41 Great Hall
49:05 Spirit Lodge
52:52 Altar of Storms
53:01 Stronghold
53:16 Orc Burrow
53:17 Orc Burrow
53:22 Orc Burrow
53:24 Orc Burrow
53:25 Orc Burrow
53:28 Orc Burrow
54:13 Orc Burrow
54:16 Orc Burrow
55:32 Fortress
55:39 Beastiary
55:42 Beastiary
56:58 Spirit Lodge
56:59 Spirit Lodge
57:48 Great Hall
» items
| Healing Salve | 6 | |
| Scroll of Speed | 2 | |
| Lesser Clarity Potion | 6 | |
| Potion of Healing | 2 | |
| Scroll of Town Portal | 6 | |
| Orb of Lightning | 2 | |
| Tiny Great Hall | 5 | |
| Potion of Lesser Invulnerability | 1 | |
30 total
team 3 (loser)
Player 3 (
orange | 33 APM | 2482 actions | 76:02)
3 Archmage
1 Summon Water Elemental
1 Brilliance Aura
1 Blizzard
3 Mountain King
1 Storm Bolt
1 Bash
1 Thunder Clap
» actions
| Basic commands | 3 | |
| Build / train | 273 | |
| Enter build submenu | 129 | |
| Enter hero's abilities submenu | 6 | |
| Remove unit from queue | 19 | |
| Right click | 957 | |
| Select / deselect | 925 | |
| Use ability | 170 | |
2482 total
» units
| Peasant | 141 | |
| Rifleman | 31 | |
| Flying Machine | 5 | |
| Forest Troll Shadow Priest | 3 | |
| Mortar Team | 3 | |
| Siege Engine | 6 | |
189 total
» upgrades
| Gunpowder | 3 | |
| Armor | 3 | |
| Long Rifles | 1 | |
| Masonry | 3 | |
| Lumber Harvesting | 1 | |
| Plating | 3 | |
| Swords | 2 | |
16 total
» buildings
| Altar of Kings | 7 | |
| Farm | 33 | |
| Blacksmith | 3 | |
| Barracks | 6 | |
| Keep | 2 | |
| Lumber Mill | 6 | |
| Workshop | 3 | |
| Scout Tower | 45 | |
| Guard Tower | 24 | |
| Arcane Tower | 10 | |
| Cannon Tower | 3 | |
| Town Hall | 17 | |
| Castle | 2 | |
161 total
» build order
00:07 Altar of Kings
00:33 Farm
01:05 Blacksmith
01:11 Barracks
01:23 Farm
02:00 Farm
02:42 Farm
03:44 Keep
03:52 Farm
04:29 Farm
05:31 Farm
07:10 Lumber Mill
07:31 Workshop
09:16 Scout Tower
09:20 Scout Tower
09:45 Guard Tower
09:48 Scout Tower
09:53 Arcane Tower
09:57 Scout Tower
10:26 Guard Tower
12:03 Scout Tower
12:26 Arcane Tower
12:28 Scout Tower
13:10 Cannon Tower
13:40 Scout Tower
13:43 Farm
14:13 Town Hall
14:21 Guard Tower
14:24 Scout Tower
14:28 Farm
14:46 Scout Tower
14:49 Scout Tower
14:51 Scout Tower
14:54 Scout Tower
14:58 Scout Tower
15:04 Lumber Mill
15:07 Guard Tower
15:19 Guard Tower
15:27 Arcane Tower
15:38 Guard Tower
15:52 Guard Tower
16:12 Cannon Tower
19:47 Castle
19:53 Town Hall
21:37 Town Hall
22:56 Town Hall
23:17 Lumber Mill
23:41 Scout Tower
24:22 Scout Tower
24:35 Guard Tower
24:41 Scout Tower
24:46 Scout Tower
24:55 Guard Tower
25:13 Guard Tower
25:17 Scout Tower
25:38 Arcane Tower
25:47 Scout Tower
25:50 Guard Tower
26:25 Arcane Tower
26:28 Scout Tower
27:02 Town Hall
27:31 Farm
27:35 Farm
27:40 Farm
28:11 Farm
28:18 Altar of Kings
28:52 Blacksmith
29:04 Lumber Mill
29:53 Farm
30:35 Scout Tower
31:04 Guard Tower
31:06 Scout Tower
31:36 Farm
32:39 Town Hall
34:41 Town Hall
35:58 Town Hall
38:39 Altar of Kings
39:23 Town Hall
41:04 Lumber Mill
42:39 Town Hall
43:59 Town Hall
44:11 Scout Tower
44:18 Scout Tower
44:23 Scout Tower
44:27 Scout Tower
44:35 Farm
44:41 Farm
44:43 Guard Tower
44:59 Farm
45:02 Guard Tower
45:07 Scout Tower
45:20 Altar of Kings
45:25 Farm
45:33 Farm
45:37 Scout Tower
45:38 Arcane Tower
45:47 Blacksmith
46:02 Farm
46:05 Farm
46:08 Arcane Tower
46:10 Scout Tower
46:17 Farm
46:40 Farm
46:41 Guard Tower
47:01 Scout Tower
47:08 Town Hall
47:47 Guard Tower
47:50 Scout Tower
48:21 Guard Tower
48:24 Scout Tower
48:34 Barracks
48:55 Guard Tower
48:58 Scout Tower
49:00 Keep
49:25 Arcane Tower
49:28 Scout Tower
49:33 Farm
50:00 Arcane Tower
50:03 Scout Tower
50:23 Barracks
50:28 Farm
50:37 Barracks
50:46 Barracks
50:50 Barracks
50:53 Guard Tower
51:08 Farm
52:00 Town Hall
52:13 Workshop
52:29 Scout Tower
52:31 Farm
52:42 Castle
52:48 Scout Tower
53:08 Scout Tower
53:44 Arcane Tower
54:18 Farm
54:31 Scout Tower
55:52 Town Hall
58:38 Scout Tower
58:40 Guard Tower
59:09 Farm
59:12 Guard Tower
59:14 Scout Tower
60:13 Guard Tower
60:17 Scout Tower
60:30 Workshop
60:48 Farm
60:52 Scout Tower
61:05 Guard Tower
61:07 Scout Tower
61:29 Cannon Tower
61:40 Guard Tower
61:42 Scout Tower
65:04 Town Hall
67:34 Farm
67:43 Lumber Mill
69:39 Altar of Kings
70:14 Town Hall
70:50 Farm
72:08 Town Hall
72:57 Altar of Kings
75:02 Altar of Kings
team 4 (loser)

»
Player 4 (
purple | 40 APM | 2381 actions | 59:53)
5 Demon Hunter
3 Mana Burn
2 Evasion
4 Keeper of the Grove
2 Entangling Roots
2 Thorns Aura
3 Pandaren Brewmaster
2 Drunken Haze
1 Breath of Fire
» actions
| Assign group hotkey | 6 | |
| Basic commands | 160 | |
| Build / train | 180 | |
| ESC pressed | 8 | |
| Enter build submenu | 54 | |
| Enter hero's abilities submenu | 13 | |
| Give item / drop item | 8 | |
| Right click | 811 | |
| Select / deselect | 955 | |
| Select group hotkey | 2 | |
| Use ability | 183 | |
2381 total
» units
| Wisp | 79 | |
| Archer | 6 | |
| Dryad | 16 | |
| Hippogryph | 17 | |
| Chimaera | 2 | |
| Druid of the Claw | 4 | |
| Druid of the Talon | 5 | |
129 total
» upgrades
| Improved Bows | 1 | |
| Strength of the Wild | 3 | |
| Reinforced Hides | 3 | |
| Druid of the Claw Training | 2 | |
| Well Spring | 1 | |
| Corrosive Breath | 1 | |
| Druid of the Talon Training | 2 | |
| Abolish Magic | 1 | |
| Mark of the Claw | 1 | |
| Mark of the Talon | 1 | |
16 total
» buildings
| Altar of Elders | 3 | |
| Moon Well | 14 | |
| Ancient of War | 1 | |
| Tree of Life | 13 | |
| Tree of Ages | 3 | |
| Hunter's Hall | 2 | |
| Ancient Protector | 2 | |
| Ancient of Lore | 4 | |
| Tree of Eternity | 1 | |
| Ancient of Wind | 5 | |
| Chimaera Roost | 2 | |
| Ancient of Wonders | 2 | |
52 total
» build order
00:08 Altar of Elders
00:12 Moon Well
00:45 Ancient of War
01:36 Moon Well
02:54 Tree of Life
03:16 Moon Well
04:15 Tree of Ages
04:37 Moon Well
04:59 Hunter's Hall
05:49 Moon Well
06:17 Ancient Protector
06:56 Ancient of Lore
07:19 Tree of Life
07:49 Tree of Eternity
08:06 Ancient of Lore
10:10 Ancient of Wind
10:49 Moon Well
11:30 Chimaera Roost
12:17 Chimaera Roost
15:26 Moon Well
15:36 Tree of Life
15:51 Ancient Protector
16:55 Tree of Life
18:03 Tree of Life
22:46 Tree of Life
23:45 Ancient of Wind
23:49 Ancient of Wonders
30:33 Tree of Life
31:52 Tree of Life
33:09 Tree of Life
36:40 Tree of Life
37:21 Altar of Elders
37:23 Tree of Ages
37:33 Moon Well
40:02 Moon Well
41:26 Tree of Ages
41:59 Ancient of Wonders
42:28 Moon Well
43:33 Moon Well
44:05 Hunter's Hall
45:20 Ancient of Lore
45:26 Ancient of Lore
49:22 Tree of Life
49:24 Ancient of Wind
49:27 Ancient of Wind
49:30 Ancient of Wind
49:46 Tree of Life
51:56 Moon Well
52:02 Altar of Elders
52:28 Moon Well
52:32 Moon Well
56:42 Tree of Life
» items
| Periapt of Vitality | 5 | |
| Scroll of Town Portal | 6 | |
| Anti-magic Potion | 4 | |
15 total
Chat log
(00:22 / All) victimoffate: hi
(00:22 / All) Player 3: howdy
(00:27 / All) Player 4: sup
(00:33 / All) victimoffate: from?
(00:39 / All) Player 3: canada
(00:48 / All) Player 2: france
(00:49 / All) victimoffate: hwy
(00:51 / All) victimoffate: why is france
(00:53 / All) victimoffate: playinghere
(01:01 / All) Player 2: better ping
(01:03 / All) victimoffate: u live at night?
(02:33 / All) victimoffate: plz no plz no plz no
(02:34 / All) victimoffate: nooooo
(02:37 / All) victimoffate: :(
(02:39 / All) victimoffate: :)
(06:43 / All) victimoffate: lol
(06:46 / All) victimoffate: i was gonna try to creep ur base purple
(21:54 / All) Player 3: gg teal
(21:58 / All) Player 2: gg
(22:26 / All) Player 4: ud is so cheese
(22:30 / All) Player 4: espicially in ffa
(28:00 / All) Player 3: gg
(28:13 / All) Player 4: im confused
(28:15 / All) Player 4: u guyts teaming?
(28:19 / All) Player 2: roflmao
(28:23 / All) victimoffate: no u just suck
(28:26 / All) Player 3: no teal keeps killing me
(28:26 / All) Player 4: guess that yes
(28:27 / All) victimoffate: so im killing u
(28:47 / All) Player 2: im searchign and destroyng oj and im teaming? lol
(29:21 / All) Player 4: i'll geed ya teal
(29:24 / All) Player 4: go ahead and kill me
(29:50 / All) Player 4: get tri 6
(29:51 / All) Player 2: lol
(29:59 / All) victimoffate: wow i hate faggots
(30:01 / All) Player 4: good
(30:07 / All) Player 4: now u can beat green :)
(30:13 / All) Player 4: watch hes got quite a few frosts
(30:29 / All) Player 2: so green is rly that strong
(30:38 / All) Player 4: hes ud..
(30:41 / All) Player 2: lol
(30:44 / All) Player 2: so yes
(30:44 / All) Player 4: they cheap as fuck in ffa
(31:01 / All) Player 2: where is he
(31:08 / All) Player 4: top right corner
(31:12 / All) Player 4: hes got mines on right side though
(31:20 / All) Player 4: u should probably get some bats/verns
(31:34 / All) Player 2: nah relax
(31:52 / All) victimoffate: im jsut toming off ur peasants oj
(31:54 / All) victimoffate: stop running
(32:43 / All) victimoffate: u suck at killing peaople teal
(32:53 / All) victimoffate: oj isnt dead
(33:00 / All) Player 4: so u were teaming?
(33:01 / All) victimoffate: hes taking all of right side lol
(33:06 / All) victimoffate: ur stupid purple
(33:08 / All) victimoffate: just sit in ur corner
(33:09 / All) victimoffate: and shut up
(33:13 / All) Player 2: oj is spreading all over the map
(33:14 / All) Player 4: obvious u have a deal
(33:21 / All) victimoffate: i know
(33:24 / All) victimoffate: no
(33:27 / All) victimoffate: were just talking to eachother
(33:28 / All) victimoffate: u suck purpel
(33:30 / All) victimoffate: thatswy u lost
(33:35 / All) Player 4: so i send reply to bnet
(33:38 / All) Player 4: replay*
(33:39 / All) Player 4: we'll see
(33:48 / All) Player 2: what can blizz do?
(33:52 / All) Player 4: they cracking down
(33:58 / All) Player 2: he;s cheating?
(33:59 / All) Player 4: on bnet teamers
(34:03 / All) Player 2: nah
(34:07 / All) Player 4: hes hitting me now
(34:26 / All) Player 4: mass frosts dests for teh gay
(36:55 / All) Player 4: green u got mh?
(36:59 / All) victimoffate: shade :D
(37:05 / All) Player 4: multiple?
(37:12 / All) Player 4: cause u know everywhere i tp...
(37:13 / All) victimoffate: i move him
(37:22 / All) victimoffate: no i just guessed
(37:41 / All) Player 4: either orange or teal ever going to hit green?
(38:12 / All) Player 4: total mh
(38:24 / All) victimoffate: its common sense dude
(38:31 / All) victimoffate: im good w/s hade
(38:33 / All) victimoffate: cuz ive played a lot of rts's
(38:37 / All) victimoffate: i used to be semi pro sc player
(38:38 / All) Player 4: yes it commen sense that i have 5 expos and u hit corrent one im at
(38:45 / All) Player 4: get a life then
(38:45 / All) Player 4: lol
(38:48 / All) Player 4: u team in ffa
(38:49 / All) victimoffate: lol
(38:50 / All) Player 2: rofl
(38:51 / All) Player 4: fucking nerd shit
(39:02 / All) Player 4: care that much to detract from the gameplay
(39:08 / All) Player 4: said u can win this on your own
(39:10 / All) Player 4: can't*
(39:35 / All) Player 4: u had teal attack orange whole game so i'll u had to deal with is me..so nub
(39:41 / All) victimoffate: GOD
(39:42 / All) victimoffate: JUST LEAVE
(39:44 / All) victimoffate: IM SICK OF HEARINFG YOU CRY
(39:51 / All) Player 4: i hope they ban ur ip
(39:55 / All) Player 4: ruin the game
(40:02 / All) victimoffate: IM JUST SMARTER THAN U
(40:07 / All) Player 4: lol
(40:09 / All) victimoffate: IS THE CONCEPT HTAT UR NOT THE BEST PLAYER IN THE GAME COME ACROSS UR MIND
(40:10 / All) victimoffate: ME AND TEAL
(40:13 / All) Player 4: we'll see your chat in replays
(40:13 / All) victimoffate: OBVIOUSLY BOTH WAY BTTER THAN U
(40:27 / All) victimoffate: THATS WHY ONE OF US WILL WIN
(40:28 / All) victimoffate: NOT U
(40:31 / All) Player 4: lol cause i didn't private chat at start of game?
(40:39 / All) Player 4: fuck you nerd trash
(40:44 / All) Player 2: roflmao
(40:52 / All) Player 3: someone kill teal for me
(40:59 / All) victimoffate: wait teal dont hit me
(41:01 / All) victimoffate: i need heal scrolls
(41:02 / All) victimoffate: for ur bats
(41:03 / All) victimoffate: just wait a sec plz
(41:04 / All) Player 4: orange.. teal and green have been teaming whole time
(41:13 / All) Player 4: see...
(41:18 / All) Player 4: rofl u both will get ip banned
(41:19 / All) Player 4: haha
(43:07 / All) victimoffate: teal
(43:09 / All) victimoffate: wanna call a truce
(43:14 / All) Player 4: rofl
(43:15 / All) victimoffate: until these fgots oj and purple are dead
(43:17 / All) victimoffate: they gona harass us
(43:18 / All) victimoffate: all game
(43:18 / All) Player 4: green kill him now
(43:19 / All) victimoffate: u down?
(43:34 / All) victimoffate: u down teal?
(43:37 / All) Player 2: yes
(43:45 / All) victimoffate: k
(43:49 / All) victimoffate: im killing oj's middle shit atm
(44:00 / All) Player 2: k
(46:24 / All) victimoffate: teal
(46:26 / All) victimoffate: fucking lsiten to me?
(46:48 / All) Player 2: teaming sucks
(47:05 / All) victimoffate: its not teaming
(47:08 / All) victimoffate: getting rid of the nuisances
(47:14 / All) Player 2: lol
(47:21 / All) Player 2: get oj asap
(50:36 / All) victimoffate: wow
(50:40 / All) victimoffate: eveyrone who plays ffa these days
(50:42 / All) victimoffate: is a fucking FAGGOT
(50:48 / All) Player 4: you had to start this shit
(50:52 / All) victimoffate: talking about teal
(50:54 / All) victimoffate: i thought he was cool
(51:01 / All) victimoffate: but hes just a hit and run faggot with no army
(51:02 / All) Player 2: nah im not
(51:07 / All) Player 4: if u would have played fair from start you probably would have won
(51:21 / All) Player 4: im just playing to make u lose now lol
(51:26 / All) Player 4: no chance for me to win
(53:57 / All) victimoffate: shuda listened teal
(54:02 / All) Player 2: nah
(54:07 / All) Player 2: i would have lost anyway
(54:16 / All) victimoffate: yah but do u like
(54:20 / All) victimoffate: geurilla faggot warfare?
(54:21 / All) victimoffate: I dont
(54:25 / All) victimoffate: yah
(54:26 / All) victimoffate: u needed more air
(54:27 / All) victimoffate: trolsl suck
(54:52 / All) Player 4: lol
(54:55 / All) Player 4: orange is uber noob
(54:57 / All) victimoffate: now oj has GOD KNOWS how much $$$
(55:00 / All) Player 2: ye
(55:01 / All) Player 4: how did he last this long?
(55:08 / All) victimoffate: hes not an idiot
(55:10 / All) victimoffate: and he massed exp
(55:13 / All) Player 2: just runing and hiding
(55:21 / All) Player 4: hes lvl 3s with pure rifles lol
(55:24 / All) Player 4: hes nub
(55:26 / All) Player 2: roflmao
(55:34 / All) victimoffate: lol
(55:35 / All) victimoffate: nice
(55:36 / All) Player 4: top left
(55:38 / All) Player 4: is his base
(55:44 / All) Player 4: mass tower
(56:08 / All) Player 4: guess thats gg for me
(56:15 / All) victimoffate: who killing u oj?
(56:18 / All) victimoffate: i rly thought i killed u
(56:20 / All) victimoffate: like 5 times
(56:21 / All) victimoffate: all the way
(56:22 / All) victimoffate: so gay lol
(56:36 / All) Player 4: his army is at 9'oclock
(56:37 / All) Player 4: at my base
(56:48 / All) victimoffate: my dk has 2000 hp
(56:50 / All) victimoffate: whats ur DH at?
(57:02 / All) Player 4: it was at that
(57:07 / All) Player 4: w/o metamorph
(58:24 / All) Player 4: cant do much vs ud cheese
(58:32 / All) Player 4: gg im leaving
(58:37 / All) Player 4: were u random green?
(58:42 / All) victimoffate: tyea
(58:52 / All) victimoffate: i really hate ud cheese
(58:54 / All) Player 4: I never get ud...
(58:54 / All) victimoffate: its boring every agme
(59:27 / All) Player 4: next time don't be a douche and play target
(59:32 / All) Player 4: its fucking gay and ruins the game
(59:43 / All) Player 4: still sending replays, hope your shit gets banned
(59:46 / All) victimoffate: i hate
(59:47 / All) victimoffate: ppl
(62:32 / All) Player 3: who is left
(62:40 / All) victimoffate: u and me
(62:47 / All) victimoffate: 9/9/9 heros
(62:52 / All) victimoffate: hope ur army can hang :)
(62:59 / All) Player 3: crap
(69:02 / All) Player 3: damn
(69:05 / All) victimoffate: gg
(74:53 / All) Player 3: gg
(74:59 / All) victimoffate: bbai
(75:07 / All) victimoffate: ggs
(75:52 / All) victimoffate: i have insane rally point micro
(75:56 / All) victimoffate: ur not gonna silp anything past me :(